 Dungeon Crawl Stone Soup version 0.26.0-10-g1f06aea511 (webtiles) character file.

Game seed: 5516696378171249172

72 vatarom the Skirmisher (level 4, -1/35 HPs)
             Began as a Demonspawn Abyssal Knight on Jan 18, 2021.
             Was a Believer of Lugonu.
             Slain by a gnoll
             ... wielding a +0 flail
              (13 damage)
             ... on level 2 of the Dungeon.
             The game lasted 00:02:38 (2431 turns).

vatarom the Skirmisher (Demonspawn Abyssal Knight)  Turns: 2431, Time: 00:02:38

Health: -1/35      AC:  4    Str: 12    XL:     4   Next: 7%
Magic:  6/6        EV: 11    Int: 14    God:    Lugonu [**....]
Gold:   10         SH:  0    Dex: 13    Spells: 3/3 levels left

rFire    + . .     SeeInvis .   a - +1 spear
rCold    . . .     Faith    .   (no shield)
rNeg     . . .     Spirit   .   b - +0 leather armour
rPois    .         Reflect  .   (no helmet)
rElec    .         Harm     .   (no cloak)
rCorr    .         Rampage  .   (no gloves)
Will     .....                  (no boots)
Stlth    +.........             (no amulet)
HPRegen  0.11/turn              (no ring)
MPRegen  0.10/turn              (no ring)

@: no status effects
A: fire resistance 1, sharp scales 1
a: Renounce Religion, Depart the Abyss, Bend Space


You were on level 2 of the Dungeon.
You worshipped Lugonu.
Lugonu was pleased with you.
You visited 1 branch of the dungeon, and saw 2 of its levels.
You visited the Abyss 1 time.

You collected 10 gold pieces.

Inventory:

Hand Weapons
 a - a +1 spear (weapon)
Missiles
 f - 2 poisoned darts (quivered)
Armour
 b - a +0 leather armour (worn)
Scrolls
 c - 3 scrolls of teleportation {unknown}
 e - 2 scrolls of magic mapping {unknown}
 h - a scroll of amnesia {unknown}
Potions
 d - 2 potions of attraction {unknown}
 g - 2 potions of heal wounds {unknown}


   Skills:
 + Level 3.5 Fighting
 * Level 3.1 Polearms
 - Level 1.7 Armour
 - Level 0.8 Dodging
 + Level 3.5 Invocations


You had 3 spell levels left.
You didn't know any spells.
Your spell library was empty.

Dungeon Overview and Level Annotations

Branches:
Dungeon (2/15)

Altars:
Qazlal


Innate Abilities, Weirdness & Mutations

Your flesh is heat resistant. (rF+)
You are partially covered in razor-sharp scales. (AC +1, Slay +1)


Message History

The gnoll barely misses you.
The gnoll looks more healthy.
Throw: 4 darts (poison)
Press: ? - help, Q - select action, (/) - cycle Shift-Dir - straight line, f/p - gnoll
Aim: a gnoll, wielding a +0 flail (severely wounded)
You throw a poisoned dart.
The poisoned dart barely misses the gnoll.
The poisoned dart hits the gnoll.
The gnoll is poisoned.
The gnoll is almost dead.
You kill the gnoll!
Lugonu accepts your kill.
You can now bend space around yourself.
You have reached level 4!
You feel clever.
Throw: 3 darts (poison)
Press: ? - help, Q - select action, (/) - cycle Shift-Dir - straight line, f/p - gnoll
Aim: a gnoll, wielding a +0 flail (severely wounded)
You throw a poisoned dart.
The poisoned dart closely misses the gnoll.
The gnoll hits you with a +0 flail!
You die...

.........##.# #.#
....#.##.##.#
#.##### ###.#.#
.##.# #.g...# ###.#
..# #####g# .##.#
### #g# .##.# #.#
....# #.# .####
########g# .#
#....@g.(# ##
#.#####.†# #.....# #
#.##.## #.##.##.#
##########.......#
###.......#####.####
....#####.# #.#
....#####.#####.#


You could see 2 gnolls.

Vanquished Creatures
  A gnoll (D:2)
  An adder (D:2)
  2 worms (D:2)
  2 dart slugs
  2 leopard geckos (D:1)
  2 giant cockroaches (D:1)
  5 goblins
  9 hobgoblins (D:1)
  2 jackals (D:1)
  6 bats
  2 frilled lizards (D:1)
  A kobold (D:1)
  6 rats
41 creatures vanquished.

Notes
Turn   | Place    | Note
-------+----------+-------------------------------------------
     0 | Abyss:1  | vatarom the Demonspawn Abyssal Knight began the quest for
                  | the Orb.
     0 | Abyss:1  | Reached XP level 1. HP: 18/18 MP: 2/2
    73 | Abyss:1  | Found a corrupted altar of Lugonu.
   103 | Abyss:1  | Noticed a smoke demon
   113 | D:1      | Escaped the Abyss
   779 | D:1      | Gained mutation: Your flesh is heat resistant. (rF+)
                  | [demonic ancestry]
   779 | D:1      | Reached XP level 2. HP: 13/24 MP: 4/4
   991 | D:1      | Reached * piety under Lugonu
  1371 | D:1      | Gained mutation: You are partially covered in razor-sharp
                  | scales. (AC +1, Slay +1) [demonic ancestry]
  1371 | D:1      | Reached XP level 3. HP: 29/29 MP: 5/5
  2143 | D:2      | Found a stormy altar of Qazlal.
  2428 | D:2      | Reached ** piety under Lugonu
  2429 | D:2      | Reached XP level 4. HP: 12/35 MP: 6/6
  2431 | D:2      | Slain by a gnoll

Illustrated notes

Levels and vault maps discovered:
D:1:      minmay_arrival_arboretum_small, layout_basic,
          chequers_serial_rivers_micro_a, minmay_statues_item
D:2:      layout_loops_cross, nicolae_qazlal_general_emergency

Skill      XL: |  1  2  3 |
---------------+----------+-----
Polearms       | 2 3 |  3.1
Invocations    | 3 |  3.5
Fighting       | |  3.5
Armour         | |  1.7
Dodging        | |  0.8

Action                   |  1- 3 |  4- 6 || total
-------------------------+-------+-------++-------
Melee: Spear             |   164 |       ||   164
Throw: Dart              |     3 |     1 ||     4
Invok: Depart the Abyss  |     1 |       ||     1
 Stab: Sleeping          |     1 |       ||     1
Armor: Leather armour    |    29 |       ||    29
Dodge: Dodged            |    58 |       ||    58
